 Dungeon Crawl Stone Soup version 0.26.0-90-g5fd8617961 (webtiles) character file.

Game seed: 15564530475566765513

3227 Gadfly the Knight (level 9, -2/80 HPs)
             Began as an Ogre Gladiator on Feb 2, 2021.
             Was a Priest of Okawaru.
             Slain by Harold
             ... wielding a +0 glaive
              (15 damage)
             ... on level 7 of the Dungeon.
             The game lasted 00:15:37 (12331 turns).

Gadfly the Knight (Ogre Gladiator)                 Turns: 12331, Time: 00:15:38

Health: -2/80      AC:  8    Str: 23    XL:     9   Next: 98%
Magic:  14/14      EV: 14    Int:  9    God:    Okawaru [***...]
Gold:   310        SH:  0    Dex: 10    Spells: 8/8 levels left

rFire    . . .     SeeInvis .   k - +2 hand axe (drain)
rCold    . . .     Faith    .   (no shield)
rNeg     . . .     Spirit   .   n - +0 robe
rPois    .         Reflect  .   c - +0 hat
rElec    .         Harm     .   t - +0 cloak
rCorr    .         Rampage  .   (gloves unavailable)
Will     .....                  (boots unavailable)
Stlth    +.........             (no amulet)
HPRegen  0.23/turn              v - +4 ring of protection
MPRegen  0.14/turn              m - +4 ring of evasion

@: marked
A: large, unfitting armour, tough skin 1
a: Renounce Religion, Heroism


You were on level 7 of the Dungeon.
You worshipped Okawaru.
Okawaru was most pleased with you.
You visited 2 branches of the dungeon, and saw 8 of its levels.

You collected 482 gold pieces.
You spent 172 gold pieces at shops.

Inventory:

Hand Weapons
 a - a +0 flail
 b - a +0 dagger of venom
 f - a +1 war axe of flaming
 k - a +2 hand axe of draining (weapon)
 q - a +2 whip of freezing
Missiles
 d - 5 throwing nets
 u - 13 boomerangs (quivered)
Armour
 c - a +0 hat (worn)
 n - a +0 robe (worn)
 t - a +0 cloak (worn)
Jewellery
 m - a +4 ring of evasion (right hand)
 v - a +4 ring of protection (left hand)
Wands
 l - a wand of disintegration (9)
 w - a wand of polymorph (6)
Scrolls
 h - 8 scrolls of teleportation
 o - 2 scrolls of blinking
 p - 2 scrolls of remove curse
 r - 2 scrolls of fear
 s - a scroll of fog
Potions
 e - a potion of curing
 g - a potion of ambrosia
 i - a potion of berserk rage
 j - 2 potions of flight


   Skills:
 - Level 2.6 Fighting
 + Level 5.1 Maces & Flails
 + Level 5.0 Throwing
 * Level 5.6 Armour
 - Level 2.6 Dodging
 * Level 7.3 Invocations
 * Level 5.5 Evocations


You had 8 spell levels left.
You didn't know any spells.
Your spell library contained the following spells:

 Spells                   Type           Power        Failure   Level
 Corpse Rot               Necr/Air       N/A          52%         2
 Sublimation of Blood     Necr           0%           52%         2
 Dispel Undead            Necr           0%           99%         4
 Agony                    Necr           0%           100%        5
 Excruciating Wounds      Necr           0%           100%        5


Dungeon Overview and Level Annotations

Branches:
Dungeon (7/15)             Temple (1/1) D:4

Altars:
Ashenzari
Cheibriados
Dithmenos
Elyvilon
Fedhas
Gozag
Hepliaklqana
Makhleb
Nemelex Xobeh
Okawaru
Qazlal
Ru
Sif Muna
Trog
Uskayaw
Vehumet
Wu Jian
Xom
Zin
The Shining One

Shops:
D:5 (

Annotations:
D:7 Harold


Innate Abilities, Weirdness & Mutations

You are too large for most types of armour.
You have tough skin. (AC +1)


Message History

Harold closely misses you. Harold hits you with a +0 glaive!
* * * LOW HITPOINT WARNING * * *
You feel less invigorated.
You feel less confused. Harold fires a harpoon shot at you.
The harpoon shot misses you. Harold hits you but does no damage.
You hit Harold. You drain Harold.
Harold is heavily wounded.
Harold hits you with a +0 glaive!
* * * LOW HITPOINT WARNING * * *
Throw: 13 boomerangs
Press: ? - help, Q - select action, (/) - cycle Shift-Dir - straight line, f - Harold
Aim: Harold, wielding a +0 glaive and wearing a +0 ring mail of willpower (heavily wounded, very poisoned, lightly drained, 70% to hit)
Okay, then.
You closely miss Harold.
Harold is heavily wounded.
Harold hits you with a +0 glaive!
You die...

(# #...............#..###.. .#
#.................###... (##
##.....................# ..#
##.##...#.........#....
#.##########....###.............#
..............)..............##.#
#.###########..............###..#
#.### ##........#.....# #.##
#...########....@.##.....### #.#
###...##......##@.##...### #.#
#####.#................# #.#
...##........#.........# ##.##
...##........#.....>...# ###..##
.......#...<...........####......
...#...#....................#.###
.............#...#...###......#
.......######..#.#..####......#


You could see Harold (very poisoned, drained).

Vanquished Creatures
  An unseen horror (D:7)
  Joseph (D:7)
  An ice beast (D:5)
  3 orc warriors
  2 phantoms (D:7)
  An ogre (D:4)
  4 centaurs
  3 bullfrogs
  2 scorpions
  A water moccasin skeleton (D:7)
  A howler monkey (D:5)
  A bullfrog zombie (D:5)
  3 orc priests
  5 hounds
  A bullfrog skeleton (D:5)
  3 jellies
  A centaur skeleton (D:4)
  3 iron imps (D:7)
  7 orc wizards
  4 worker ants
  An iguana (D:6)
  A hound zombie (D:6)
  A howler monkey zombie (D:5)
  2 worker ant zombies
  3 gnolls (D:4)
  9 adders
  2 shadow imps
  2 ufetubi
  An ooze (D:7)
  2 worms
  2 dart slugs
  7 leopard geckos
  24 orcs
  6 bats
  8 giant cockroaches
  4 goblins
  8 hobgoblins
  10 jackals
  3 quokkas
  3 ball pythons
  4 frilled lizards
  6 kobolds
  6 rats
163 creatures vanquished.

Notes
Turn   | Place    | Note
-------+----------+-------------------------------------------
     0 | D:1      | Gadfly the Ogre Gladiator began the quest for the Orb.
     0 | D:1      | Reached XP level 1. HP: 22/22 MP: 1/1
   109 | D:1      | Reached XP level 2. HP: 29/29 MP: 2/2
   279 | D:1      | Reached skill level 1 in Invocations
   731 | D:1      | Reached XP level 3. HP: 36/36 MP: 3/3
  1132 | D:2      | Reached skill level 1 in Armour
  1491 | D:2      | Reached skill level 1 in Evocations
  1894 | D:3      | Reached XP level 4. HP: 41/44 MP: 5/5
  1916 | D:3      | Reached skill level 2 in Invocations
  2615 | D:3      | Reached XP level 5. HP: 50/50 MP: 6/6
  2897 | D:3      | Found a sacrificial altar of Ru.
  3715 | D:4      | Found a staircase to the Ecumenical Temple.
  3792 | Temple   | Entered the Ecumenical Temple
  3813 | Temple   | Became a worshipper of Warmaster Okawaru
  3888 | D:4      | Noticed an ogre
  3909 | D:4      | Killed an ogre
  3910 | D:4      | Reached skill level 3 in Invocations
  3910 | D:4      | Reached XP level 6. HP: 37/59 MP: 8/8
  4703 | D:5      | Entered Level 5 of the Dungeon
  4850 | D:5      | Reached * piety under Okawaru
  4851 | D:5      | Reached XP level 7. HP: 38/64 MP: 9/9
  5137 | D:5      | Reached skill level 4 in Invocations
  6289 | D:5      | Found Oczul's Weapon Shoppe.
  6725 | D:5      | Found a hide-covered altar of Uskayaw.
  6743 | D:5      | Reached XP level 8. HP: 42/74 MP: 11/11
  7767 | D:5      | Found a hazy altar of Hepliaklqana.
  7920 | D:5      | Bought a +1 war axe of flaming for 172 gold pieces
  8169 | D:6      | Reached ** piety under Okawaru
  8170 | D:6      | Reached skill level 5 in Invocations
  8414 | D:6      | Found a shadowy altar of Dithmenos.
  9095 | D:6      | Found a bloodstained altar of Trog.
  9096 | D:6      | Found a glowing silver altar of Zin.
  9216 | D:6      | Found a broken altar of Ashenzari.
  9767 | D:6      | Reached XP level 9. HP: 69/80 MP: 13/13
  9922 | D:6      | Reached skill level 6 in Invocations
 10912 | D:7      | Killed an unseen horror
 10912 | D:7      | Reached *** piety under Okawaru
 10913 | D:7      | Reached skill level 5 in Armour
 10913 | D:7      | Reached skill level 5 in Evocations
 10969 | D:7      | Received a gift from Okawaru
 11150 | D:7      | Noticed Joseph
 11167 | D:7      | Killed Joseph
 11168 | D:7      | Reached skill level 5 in Maces & Flails
 11168 | D:7      | Reached skill level 7 in Invocations
 11334 | D:7      | Reached skill level 5 in Throwing
 11467 | D:7      | Found a burning altar of Makhleb.
 11695 | D:7      | Noticed Harold
 12331 | D:7      | Slain by Harold

Illustrated notes

Levels and vault maps discovered:
D:1:      minmay_arrival_split_and_join, layout_basic
D:2:      layout_loops_ring, minmay_circle_x
D:3:      layout_loops_cross, lemuel_doored_altar, kennysheep_generic_room_5
D:4:      layout_loops_corners, minmay_temple_entry_trees
D:5:      layout_loops_ring, nzn_hepliaklqana_mist_gate, old_standard_altar,
          serial_shops, shop, st_stairs_12, skrybe_limestone_x
D:6:      layout_basic, lemuel_crystal_altar, lemuel_round_altar,
          grunt_temple_overflow_open
D:7:      layout_rooms, demons_altar, uniq_harold, uniq_joseph
Temple:   nicolae_temple_hex_pool

Skill      XL: |  1  2  3  4  5  6  7  8  9 |
---------------+----------------------------+-----
Invocations    | 1 2 3 4 5 7 |  7.3
Armour         | 1 2 3 4 5 |  5.6
Evocations     | 1 2 3 4 5 |  5.5
Maces & Flails | 3 4 5 |  5.1
Throwing       | 3 4 5 |  5.0
Fighting       | |  2.6
Dodging        | |  2.6

Action                   |  1- 3 |  4- 6 |  7- 9 || total
-------------------------+-------+-------+-------++-------
Melee: Flail             |    36 |     3 |    85 ||   124
       Dagger            |    62 |   186 |   388 ||   636
       Punch             |       |       |     1 ||     1
       Hand axe          |       |       |    14 ||    14
Throw: Stone             |       |    29 |       ||    29
       Throwing net      |       |     2 |       ||     2
       Boomerang         |       |       |    71 ||    71
Invok: Heroism           |       |       |     1 ||     1
Evoke: Wand              |       |       |     2 ||     2
  Use: Scroll            |     5 |     5 |     2 ||    12
       Potion            |       |     5 |     4 ||     9
 Stab: Sleeping          |     4 |     5 |       ||     9
Armor: Robe              |    34 |    20 |   153 ||   207
Dodge: Dodged            |    57 |   103 |   434 ||   594
